 Dungeon Crawl Stone Soup version 0.31.0-9-g3a7656b989 (webtiles) character file.

Game seed: 2650184554468005419

18 qw the Shooter (level 2, -2/16 HPs)
             Began as a Deep Elf Hunter on Feb 2, 2024.
             Succumbed to their own poison gas
             ... on level 1 of the Dungeon.
             The game lasted 00:00:01 (558 turns).

qw the Shooter (Deep Elf Hunter)                     Turns: 558, Time: 00:00:02

Health: -2/16      AC:  3    Str:  8    XL:     2   Next: 51%
Magic:  4/4        EV: 12    Int: 13    God:
Gold:   72         SH:  0    Dex: 18    Spells: 1/1 levels left

rFire   . . .        a - +0 shortbow
rCold   . . .        (shield currently unavailable)
rNeg    . . .        c - +0 leather armour
rPois   .            (no helmet)
rElec   .            (no cloak)
rCorr   .            (no gloves)
SInv    .            (no boots)
Will    .....        (no amulet)
Stlth   ++           (no ring)
HPRegen 0.22/turn    (no ring)
MPRegen 0.09/turn

%: no passive effects
@: lethally poisoned (-2 -> -18)
A: no striking features
a: no special abilities


You were on level 1 of the Dungeon.
You visited 1 branch of the dungeon, and saw 1 of its levels.

You collected 72 gold pieces.


   Skills:
 - Level 1.5 Fighting
 + Level 6.3 Ranged Weapons
 - Level 2.4 Dodging
 - Level 1.2 Stealth


You had one spell level left.
You didn't know any spells.
Your spell library was empty.

Inventory:

Hand Weapons
 a - a +0 shortbow (weapon)
Armour
 c - a +0 leather armour (worn)
Potions
 d - a potion of invisibility {unknown}
 f - a potion of attraction {unknown}
 i - a potion of brilliance {unknown}

Dungeon Overview and Level Annotations

Branches:
Dungeon (1/15)

Altars:


Message History

You see here a hobgoblin corpse.
You see here a bat skeleton.
There is an open door here.
Done exploring.
Done exploring.
553 ||| READING scroll labelled PEXOTUDEIN.
The air fills with toxic fumes!
As you read the scroll labelled PEXOTUDEIN, it crumbles to dust.
It was a scroll of poison.
Done exploring.
554 ||| READING scroll labelled YCOENNOPYN.
As you read the scroll labelled YCOENNOPYN, it crumbles to dust.
The air around you briefly surges with heat, but it dissipates.
It was a scroll of immolation.
Done exploring.
555 ||| READING scroll labelled LEGUHO FADWOUTZ.
As you read the scroll labelled LEGUHO FADWOUTZ, it crumbles to dust.
It is a scroll of enchant armour.
555 ||| ENCHANTING +0 shortbow.
Done exploring.
556 ||| DROPPING scroll of butterflies.
You drop a scroll of butterflies.
Done exploring.
What level of the Dungeon? (default 1, ? - help) Sorry, I don't know how to get there.
Enter note:
Enter note:
Enter note:
Enter note:
Enter note:
Enter note:
Enter note:
Enter note:
Enter note:
Enter note:
Enter note:
Enter note: You are engulfed in poison gas.
You are lethally poisoned!
Ouch! That really hurt!
You feel very sick.
558 ||| Stepping ~*~*~tactically~*~*~ (cloud).
You die...

#.########.....#.####.#........##
#............#.#....#.###########
#...#####...............# #
#...### #.....##....#.#.# #
......###........####.#.# #
......#......##### #.#.# #
......#...#....### #.#.#### #
......#...+..#.#¤####¤#)...######
......#...#..#.#@¤¤0¤¤#....'.....
......#####..#.#¤######....######
......# #...#.#¤# #...)..## #...
......# #...#.#¤###......# #.##
......# #...#.¤¤#........# #...
......# #...#.¤¤#.##.....# ####
......# #.#...#¤#.##.....#
......####.....#¤#.##.....#### ##
..........%......#.#####.....# #.


There were no monsters in sight!

Vanquished Creatures
  3 bats (D:1)
  An endoplasm (D:1)
  2 goblins (D:1)
  A hobgoblin (D:1)
  A kobold (D:1)
  A quokka (D:1)
  3 ball pythons (D:1)
  A frilled lizard (D:1)
  4 rats (D:1)
17 creatures vanquished.

Notes
Turn   | Place    | Note
-------+----------+-------------------------------------------
     0 | D:1      | qw the Deep Elf Hunter began the quest for the Orb.
     0 | D:1      | Reached XP level 1. HP: 12/12 MP: 3/3
     0 | D:1      | 0 ||| qw: Version: 0.3-a-155-g5e7d8dd
     0 | D:1      | 0 ||| qw: Game counter: 1939
     0 | D:1      | 0 ||| qw: Melee chars always use a shield: true
     0 | D:1      | 0 ||| qw: God list: Okawaru
     0 | D:1      | 0 ||| qw: Allow faded altars: false
     0 | D:1      | 0 ||| qw: Do Orc after clearing Dungeon:15 true
     0 | D:1      | 0 ||| qw: Do second Lair branch before Depths: true
     0 | D:1      | 0 ||| qw: Lair rune preference: random
     0 | D:1      | 0 ||| qw: Goals: Normal
     0 | D:1      | 0 ||| PLANNING D:1-11
   132 | D:1      | Reached skill level 6 in Ranged Weapons
   132 | D:1      | Reached XP level 2. HP: 16/16 MP: 4/4
   553 | D:1      | 553 ||| READING scroll labelled PEXOTUDEIN.
   554 | D:1      | 554 ||| READING scroll labelled YCOENNOPYN.
   555 | D:1      | 555 ||| READING scroll labelled LEGUHO FADWOUTZ.
   555 | D:1      | 555 ||| ENCHANTING +0 shortbow.
   556 | D:1      | 556 ||| DROPPING scroll of butterflies.
   557 | D:1      | HP: 2/16 [poisoned by you (poison gas)]
   558 | D:1      | 558 ||| Stepping ~*~*~tactically~*~*~ (cloud).
   558 | D:1      | Succumbed to their own poison gas

Levels and vault maps discovered:
D:1:      minmay_arrival_hallway, layout_basic

Skill      XL: |  1 |
---------------+----+-----
Ranged Weapons | 6 |  6.3
Fighting       | |  1.5
Dodging        | |  2.4
Stealth        | |  1.2

Action                     || total
---------------------------++-------
   Fire: Shortbow          ||    42
    Use: Scroll            ||     3
 Armour: Leather armour    ||     7
  Dodge: Dodged            ||    11

Table legend:
 A = Non-vault XP
 B = Vault XP
 C = Vault XP percentage of total XP
 D = Non-vault monster count
 E = Vault monster count
 F = Vault count percentage of total count
                 A         B        C        D         E       F
            +---------+---------+-------+---------+---------+-------
      Total |      27 |       0 |   0.0 |      17 |       0 |   0.0
            +---------+---------+-------+---------+---------+-------
        D:1 |      27 |       0 |   0.0 |      17 |       0 |   0.0
            +---------+---------+-------+---------+---------+-------
